AoeStats
← Johnyxash

Migration

504176964Analyzed
1v1 RM · 26d ago on Sep 4, 2026· 39m 45s· 2 players
Game mode
Random Map
Map size
132×132
Population
200
Speed
Normal
Resources
Standard
Victory
Conquest
Starting age
Dark Age
Ending age
Imperial Age
RankedLock teamsTeams togetherTeam positionsShared explorationLock speedFull tech treeHidden civsTurbo modeCheats
Victory
Defeat
🇩🇪 Vikings · Germany
1081
+15
🇳🇴 Byzantines · Norway
1050
-18
Johnyxash
11:08 Feudal Age
11:35 Double-Bit Axe
11:39 Fishing Lines
15:33 Fletching
17:50 Gold Mining
20:48 Castle Age
18:35 Loom
22:59 Gold Shaft Mining
22:45 Bow Saw
23:14 Bodkin Arrow
23:31 Scale Mail Armor
23:42 Forging
23:20 Arson
23:35 Squires
24:12 Medium Warships
23:55 Gillnets
24:14 Town Watch
24:54 Chain Mail Armor
25:04 Clinker Construction
25:55 Careening
28:16 Iron Casting
27:55 Horse Collar
34:50 Imperial Age
33:27 Ballistics
33:03 Murder Holes
34:11 Stone Mining
36:35 Blast Furnace
36:39 Chemistry
35:07 Elite Longship
36:26 Town Patrol
36:29 Bracer
37:01 Plate Mail Armor
38:58 Padded Archer Armor
Alopex8064
11:58 Feudal Age
16:36 Castle Age
19:08 Loom
20:35 Medium Warships
28:26 Wheelbarrow
27:55 Fletching
28:07 Crossbowman
32:13 Bodkin Arrow
35:49 Imperial Age
38:28 Heavy Warships
39:35 Bracer
Connection lost

Rejoining the realm…

Still unreachable

The connection could not be restored.

Session expired

The server has moved on; the page needs a fresh start.